 Dungeon Crawl Stone Soup version 0.29-a0-577-gafbf2c5d25 (webtiles) character file.

Game seed: 14196148876053124713

33 DocClef the Covert (level 3, -1/35 HPs)
             Began as a Gnoll Delver on June 13, 2022.
             Slain by an unseen horror (5 damage)
             ... on level 5 of the Dungeon.
             The game lasted 00:00:11 (232 turns).

DocClef the Covert (Gnoll Delver)                    Turns: 232, Time: 00:00:12

Health: -1/35      AC:  3    Str: 11    XL:     3   Next: 29%
Magic:  4/4        EV: 13    Int:  9    God:
Gold:   11         SH:  0    Dex: 15    Spells: 3/3 levels left

rFire   . . .      SeeInvis .   a - +0 short sword
rCold   . . .      Faith    .   (no shield)
rNeg    . . .      Spirit   .   b - +0 leather armour
rPois   .          Reflect  .   (no helmet)
rElec   .          Harm     .   (no cloak)
rCorr   .          Rampage  .   (no gloves)
Will    .....                   (no boots)
Stlth   ++++......              (no amulet)
HPRegen 0.11/turn               (no ring)
MPRegen 0.09/turn               (no ring)

@: no status effects
A: fangs 1, strong nose, distributed training
a: no special abilities


You were on level 5 of the Dungeon.
You visited 1 branch of the dungeon, and saw 1 of its levels.

You collected 11 gold pieces.

Inventory:

Hand Weapons
 a - a +0 short sword (weapon)
Armour
 b - a +0 leather armour (worn)
Wands
 g - a wand of digging (3)
 j - a wand of acid (7)
Scrolls
 c - a scroll of fog
 d - 2 scrolls of magic mapping
 e - a scroll of fear
 i - a scroll of poison {unknown}
Potions
 f - a potion of haste
 h - a potion of flight {unknown}


   Skills:
 + Level 6.5 Fighting
 + Level 4.5 Short Blades
 + Level 0.7 Long Blades
 + Level 0.7 Axes
 + Level 0.7 Maces & Flails
 + Level 0.7 Polearms
 + Level 0.7 Staves
 + Level 0.7 Slings
 + Level 0.7 Bows
 + Level 0.7 Crossbows
 + Level 0.7 Throwing
 + Level 0.7 Armour
 + Level 4.5 Dodging
 + Level 9.5 Stealth
 + Level 0.7 Shields
 + Level 0.7 Unarmed Combat
 + Level 0.7 Spellcasting
 + Level 0.5 Conjurations
 + Level 0.5 Hexes
 + Level 0.5 Summonings
 + Level 0.5 Necromancy
 + Level 0.5 Translocations
 + Level 0.5 Transmutations
 + Level 0.5 Fire Magic
 + Level 0.5 Ice Magic
 + Level 0.5 Air Magic
 + Level 0.5 Earth Magic
 + Level 0.5 Poison Magic
 + Level 0.9 Invocations
 + Level 0.7 Evocations


You had 3 spell levels left.
You didn't know any spells.
Your spell library was empty.

Dungeon Overview and Level Annotations

Branches:
Dungeon (5/15)
 Temple: D:4-7

Altars:


Innate Abilities, Weirdness & Mutations

You have very sharp teeth.
Your uncanny sense of smell can sniff out nearby items.
Your experience applies equally to all skills.


Message History

Found a ring mail.
There is an open door here.
A shadow imp comes into view.
A shadow imp is nearby!
The helpless shadow imp fails to defend itself.
You spit the shadow imp like a pig!!!
You kill the shadow imp!
Unknown command.
Magic restored.
i - a scroll labelled CABBAR ENAA
j - a wand of acid (7)
A jelly comes into view.
A jelly is nearby!
A jelly is nearby!
A scorpion comes into view.
Found 17 stones.
The jelly quivers.
Found a club.
Something hits you but does no damage.
Deactivating autopickup; reactivate with Ctrl-A.
A wyvern and a yak come into view.
The jelly closely misses you.
You hit the jelly.
Your hands burn!
The jelly is moderately wounded.
The wyvern hisses angrily.
You hear an angry hiss.
Something hits you. The jelly misses you. The jelly attacks as you move away!
The jelly hits you but does no damage. Something hits you.
The jelly misses you. The jelly attacks as you move away!
The jelly closely misses you. Something hits you but does no damage.
Something hits you.
You closely miss something. Something hits you. x2
You hit something but do no damage. Something hits you.
* * * LOW HITPOINT WARNING * * *
You hit something but do no damage. Your bite misses something.
Something hits you.
* * * LOW HITPOINT WARNING * * *
Something hits you.
* * * LOW HITPOINT WARNING * * *
You miss something. Your bite misses something. Something hits you.
You die...

####.#####.###.##
#. #......## ##.#
#. #######.###..#
#.
#.....#.#.#####.
#.####.##.).†...
#.# ###########
###.###
#.....####### #
#@###........
##.#####{#
#...####.
.......lJ###.#.#
...#l.......#.#
#?#..####.#.#
#...#.# #.# #
.........# #.#∆
.#...#.... #.#
#...#(#...# #.#


You could see a wyvern and a jelly.

Vanquished Creatures
  An iguana (D:5)
  A shadow imp (D:5)
2 creatures vanquished.

Notes
Turn   | Place    | Note
-------+----------+-------------------------------------------
     0 | D:5      | Reached skill level 9 in Stealth
     0 | D:5      | DocClef the Gnoll Delver began the quest for the Orb.
     0 | D:5      | Reached XP level 1. HP: 23/23 MP: 1/1
   113 | D:5      | Noticed an iguana
   116 | D:5      | Killed an iguana
   117 | D:5      | Reached XP level 2. HP: 29/29 MP: 2/2
   117 | D:5      | Reached XP level 3. HP: 35/35 MP: 3/3
   220 | D:5      | Noticed a scorpion
   223 | D:5      | Noticed a wyvern
   223 | D:5      | Noticed a yak
   232 | D:5      | Slain by an unseen horror

Illustrated notes

Levels and vault maps discovered:
D:5:      cheibrodos_fzero, layout_loops_ring, minmay_temple_entry_fiery,
          corexii_mini_fake_secret_closet, minmay_misc_feat_enclosed,
          nicolae_underground_beach

Skill      XL: | |
---------------+-+-----
Stealth        | |  9.5
Fighting       | |  6.5
Short Blades   | |  4.5
Long Blades    | |  0.7
Axes           | |  0.7
Maces & Flails | |  0.7
Polearms       | |  0.7
Staves         | |  0.7
Slings         | |  0.7
Bows           | |  0.7
Crossbows      | |  0.7
Throwing       | |  0.7
Armour         | |  0.7
Dodging        | |  4.5
Shields        | |  0.7
Unarmed Combat | |  0.7
Spellcasting   | |  0.7
Conjurations   | |  0.5
Hexes          | |  0.5
Summonings     | |  0.5
Necromancy     | |  0.5
Translocations | |  0.5
Transmutations | |  0.5
Fire Magic     | |  0.5
Ice Magic      | |  0.5
Air Magic      | |  0.5
Earth Magic    | |  0.5
Poison Magic   | |  0.5
Invocations    | |  0.9
Evocations     | |  0.7

Action                   || total
-------------------------++-------
Melee: Short sword       ||     7
 Stab: Sleeping          ||     2
Armor: Leather armour    ||     3
Dodge: Dodged            ||     4

Table legend: (Time is in decaauts)
 A = Elapsed time spent in this place.
 B = Non-inter-level travel time spent in this place.
 C = Inter-level travel time spent in this place.
 D = Time resting spent in this place.
 E = Time spent auto-exploring this place.
 F = Levels seen in this place.
 G = Mean time per level.
                   A        B        C        D        E       F      G
               +--------+--------+--------+--------+--------+-----+--------+
         Total |    231 |    231 |      0 |      0 |    202 |   1 |  231.0 |
       Dungeon |    231 |    231 |      0 |      0 |    202 |   1 |  231.0 |
               +--------+--------+--------+--------+--------+-----+--------+

Top non-repeatable levels by time:
     D:5: 231 daAuts
